 Dungeon Crawl Stone Soup version 0.26.0-15-gc6cd9f700b (webtiles) character file.

Game seed: 3419208975338940054

605 lastplaneout the Tainter (level 7, -4/46 HPs)
             Began as a Formicid Venom Mage on Jan 17, 2021.
             Was a Follower of Ashenzari.
             Slain by Duvessa
             ... wielding a +0 rapier
              (14 damage)
             ... on level 4 of the Dungeon.
             The game lasted 00:09:48 (3963 turns).

lastplaneout the Tainter (Formicid Venom Mage)      Turns: 3963, Time: 00:09:49

Health: -4/46      AC:  2    Str: 21    XL:     7   Next: 70%
Magic:  4/10       EV: 12    Int: 16    God:    Ashenzari [*.....]
Gold:   189        SH:  0    Dex: 11    Spells: 0/10 levels left

rFire    . . .     SeeInvis +   l - +5 dagger (curse)
rCold    + . .     Faith    +   (no shield)
rNeg     . . .     Spirit   .   a - +0 robe
rPois    .         Reflect  .   (helmet unavailable)
rElec    .         Harm     .   (no cloak)
rCorr    .         Rampage  .   (no gloves)
Will     .....                  (no boots)
Stlth    ++........             s - amulet of faith
HPRegen  0.15/turn              k - +6 ring of strength
MPRegen  0.12/turn              t - ring of protection from cold

@: lethally poisoned (-4 -> -6), attractive
A: permanent stasis, dig shafts and tunnels, four strong arms, antennae 3,
strong 1, subdued magic 1
a: Dig, Shaft Self, Renounce Religion, Curse Item, Scrying


You were on level 4 of the Dungeon.
You worshipped Ashenzari.
Ashenzari was aware of your devotion.
You visited 1 branch of the dungeon, and saw 4 of its levels.

You collected 189 gold pieces.

Inventory:

Hand Weapons
 l - a cursed +5 dagger (weapon)
Armour
 a - a +0 robe (worn)
Jewellery
 k - a +6 ring of strength (left hand)
 q - a cursed ring of attention
 s - an amulet of faith (around neck)
 t - a ring of protection from cold (right hand)
Wands
 u - a wand of random effects (17)
Scrolls
 b - 3 scrolls of enchant armour {unknown}
 c - 2 scrolls of random uselessness {unknown}
 f - 4 scrolls of teleportation {unknown}
 g - 5 scrolls of identify {unknown}
 h - 7 scrolls of blinking {unknown}
 m - a scroll of fog {unknown}
Potions
 d - a potion of experience {unknown}
 e - a potion of mutation
 i - a potion of heal wounds {unknown}
 j - a potion of lignification {unknown}
 n - a potion of attraction
 o - 2 potions of curing {unknown}
 p - 2 potions of brilliance {unknown}
 r - a potion of degeneration {unknown}


   Skills:
 + Level 2.5 Short Blades
 - Level 1.7 Dodging
 - Level 2.4 Stealth
 - Level 2.1 Spellcasting
 + Level 5.0 Transmutations
 + Level 8.4 Poison Magic


You couldn't memorise any spells.
You knew the following spells:

 Your Spells              Type           Power        Failure   Level
a - Sting                 Tmut/Pois      68%          1%          1
b - Poisonous Vapours     Pois/Air       22%          4%          2
c - Ignite Poison         Fire/Tmut/Pois 12%          8%          3
d - Olgreb's Toxic Radia  Pois           22%          4%          4

Your spell library contained the following spells:

 Spells                   Type           Power        Failure   Level
 Mephitic Cloud           Conj/Pois/Air  8%           16%         3


Dungeon Overview and Level Annotations

Branches:
Dungeon (4/15)
 Temple: D:4-7

Altars:
Ashenzari
Kikubaaqudgha
Uskayaw

Annotations:
D:4 Duvessa


Innate Abilities, Weirdness & Mutations

You cannot be hasted, slowed, berserked, paralysed or teleported.
You can dig through walls and to a lower floor.
Your four strong arms can wield two-handed weapons with a shield.
You have a pair of large antennae on your head. (SInv)
Your muscles are strong. (Str +2)
Your spells are a little easier to cast, but a little less powerful.


Message History

Duvessa looks even sicker.
Duvessa is lightly wounded.
Duvessa misses you. Duvessa hits you but does no damage.
You feel sick.
You hit Duvessa.
Duvessa is lightly wounded.
Duvessa hits you but does no damage.
You hit Duvessa.
Duvessa is moderately wounded.
Duvessa hits you with a +0 rapier!
* * * LOW HITPOINT WARNING * * *
It was a potion of mutation.
You feel extremely strange.
Your connection to magic feels subdued.
You feel stronger.
You feel sick. Duvessa hits you with a +0 rapier.
* * * LOW HITPOINT WARNING * * *
Duvessa closely misses you.
It was a potion of attraction.
You feel attractive to monsters. Duvessa hits you with a +0 rapier!
You die...

..# .# .. [#
.. .# ##.
#.# {#..
..#### {#.#
.....#
#.###.....#
{#.e@......+
{####......#
##'#....#
#...<...# ..
##.......#
..
#........# #
##.###....#
#.........#
#.#.#.#.#...


You could see Duvessa (berserk, very poisoned).

Vanquished Creatures
  Sigmund (D:2)
  A sky beast (D:3)
  An ogre (D:4)
  Dowan (D:4)
  A gnoll shaman (D:4)
  A hound (D:4)
  A worker ant (D:4)
  Ijyb (D:4)
  4 gnolls (D:4)
  2 adders
  4 dart slugs
  A leopard gecko (D:4)
  An orc (D:4)
  5 bats
  5 giant cockroaches
  5 goblins
  9 hobgoblins
  8 jackals
  5 quokkas
  3 frilled lizards (D:2)
  8 kobolds
  3 rats
  4 rat zombies (D:3)
75 creatures vanquished.

Notes
Turn   | Place    | Note
-------+----------+-------------------------------------------
     0 | D:1      | lastplaneout the Formicid Venom Mage began the quest for
                  | the Orb.
     0 | D:1      | Reached XP level 1. HP: 13/13 MP: 3/3
   325 | D:1      | Reached XP level 2. HP: 2/19 MP: 5/5
   906 | D:1      | Reached skill level 5 in Poison Magic
   963 | D:1      | Reached XP level 3. HP: 14/24 MP: 3/6
   966 | D:1      | Learned a level 2 spell: Poisonous Vapours
   970 | D:1      | Learned a level 3 spell: Ignite Poison
  1369 | D:2      | Noticed Sigmund
  1378 | D:2      | Killed Sigmund
  1379 | D:2      | Reached skill level 6 in Poison Magic
  1379 | D:2      | Reached XP level 4. HP: 19/30 MP: 0/7
  1379 | D:2      | Reached XP level 5. HP: 22/35 MP: 0/8
  1486 | D:2      | Reached skill level 7 in Poison Magic
  1754 | D:2      | Reached XP level 6. HP: 41/41 MP: 7/9
  2320 | D:2      | You fall into a shaft and drop 1 floor!
  2320 | D:3      | Found a faded altar of an unknown god.
  2321 | D:3      | Noticed a sky beast
  2333 | D:3      | Killed a sky beast
  2407 | D:3      | Became a worshipper of Ashenzari the Shackled
  2407 | D:3      | Reached * piety under Ashenzari
  2577 | D:3      | Found an ancient bone altar of Kikubaaqudgha.
  2628 | D:3      | Reached skill level 1 in Short Blades
  2837 | D:3      | Noticed a +0 hand axe
  2837 | D:3      | Noticed a +0 hand axe
  2838 | D:3      | Found a hide-covered altar of Uskayaw.
  3149 | D:4      | Reached XP level 7. HP: 42/46 MP: 8/10
  3154 | D:4      | Learned a level 4 spell: Olgreb's Toxic Radiance
  3224 | D:4      | Reached skill level 8 in Poison Magic
  3398 | D:4      | Noticed Ijyb
  3420 | D:4      | Killed Ijyb
  3947 | D:4      | Noticed Duvessa
  3947 | D:4      | Noticed Dowan
  3953 | D:4      | Killed Dowan
  3954 | D:4      | Reached skill level 5 in Transmutations
  3962 | D:4      | Gained mutation: Your spells are a little easier to cast,
                  | but a little less powerful. [potion of mutation]
  3962 | D:4      | Gained mutation: Your muscles are strong. (Str +2) [potion
                  | of mutation]
  3963 | D:4      | Slain by Duvessa

Illustrated notes

Levels and vault maps discovered:
D:1:      scummos_arrival_simple_fountains, layout_loops_ring, minivault_11
D:2:      minmay_evil_eye, layout_loops_cross, kennysheep_cross_room,
          kennysheep_jessica_study, uniq_sigmund
D:3:      layout_basic, dancing_weapons_uskayaw,
          lemuel_zombie_altar_kikubaaqudgha, chequers_ecumenical_altar_island
D:4:      layout_basic, nemelex_xobeh_ov_fountains_minmay, serial_shops,
          nicolae_shop_waterfront, serial_glass, glass_columns_a,
          glass_columns_b, glass_columns_c, glass_columns_a,
          due_unseen_surprise, minmay_strange_pillars, minmay_strange_pillars,
          kennysheep_generic_room_3, uniq_ijyb, uniq_duvessa

Skill      XL: |  1  2  3  4  5  6  7 |
---------------+----------------------+-----
Poison Magic   | 5 6 7 8 |  8.4
Transmutations | 3 4 5 |  5.0
Short Blades   | 1 2 |  2.5
Dodging        | |  1.7
Stealth        | |  2.4
Spellcasting   | |  2.1

Action                   |  1- 3 |  4- 6 |  7- 9 || total
-------------------------+-------+-------+-------++-------
Melee: Unarmed           |    42 |       |       ||    42
       Dagger            |     1 |    78 |    31 ||   110
 Cast: Sting             |    31 |    48 |    27 ||   106
Invok: Curse Item        |       |     1 |       ||     1
  Use: Potion            |       |       |     2 ||     2
 Stab: Sleeping          |     1 |       |       ||     1
Armor: Robe              |     7 |    25 |     4 ||    36
Dodge: Dodged            |    50 |    60 |    22 ||   132
